 Dungeon Crawl Stone Soup version 0.30-a0-305-g026cb31310 (webtiles) character file.

Game seed: 18193931410907365879

41 billz999 the Trooper (level 3, 0/29 HPs)
             Began as a Demonspawn Fighter on Oct 21, 2022.
             Slain by a gnoll
             ... wielding a +0 flail
              (11 damage)
             ... on level 2 of the Dungeon.
             The game lasted 00:00:53 (805 turns).

billz999 the Trooper (Demonspawn Fighter)            Turns: 805, Time: 00:00:54

Health: 0/29       AC:  6    Str: 18    XL:     3   Next: 32%
Magic:  3/3        EV: 11    Int:  9    God:
Gold:   56         SH:  4    Dex: 12    Spells: 2/2 levels left

rFire   . . .      SeeInvis .    a - +0 war axe
rCold   . . .      Faith    .    c - +0 buckler
rNeg    . . .      Spirit   .    b - +0 scale mail
rPois   .          Reflect  .    (no helmet)
rElec   .          Harm     .    (no cloak)
rCorr   .          Rampage  .    (no gloves)
Will    .....                    (no boots)
Stlth   ..........               (no amulet)
HPRegen 0.24/turn                (no ring)
MPRegen 0.08/turn                (no ring)

@: mighty
A: repulsion field 1, ignite blood 1
a: no special abilities


You were on level 2 of the Dungeon.
You visited 1 branch of the dungeon, and saw 2 of its levels.

You collected 56 gold pieces.

Inventory:

Hand Weapons
 a - a +0 war axe (weapon)
Armour
 b - a +0 scale mail (worn)
 c - a +0 buckler (worn)
Jewellery
 g - a ring of positive energy
Scrolls
 f - 2 scrolls of identify {unknown}
Potions
 e - a potion of heal wounds {unknown}


   Skills:
 + Level 3.3 Fighting
 * Level 2.5 Axes
 + Level 3.0 Armour
 + Level 3.0 Shields


You had 2 spell levels left.
You didn't know any spells.
Your spell library was empty.

Dungeon Overview and Level Annotations

Branches:
Dungeon (2/15)

Altars:


Innate Abilities, Weirdness & Mutations

You are surrounded by a mild repulsion field. (EV +2)
Your demonic aura sometimes causes spilled blood to erupt in flames.


Message History

You closely miss the giant cockroach.
The giant cockroach barely misses you. x2
You slash the giant cockroach!
You kill the giant cockroach!
Your Shields skill increases to level 3!
You slash the gnoll!
The gnoll is heavily wounded.
You block the gnoll's attack.
You hit the gnoll.
The gnoll is severely wounded.
The gnoll hits you with a +0 whip.
A rat comes into view.
The gnoll hits you but does no damage. The gnoll misses you.
You completely miss the gnoll.
The gnoll is severely wounded.
You barely miss the gnoll. The gnoll hits you but does no damage.
The gnoll misses you.
You closely miss the gnoll.
The gnoll is severely wounded.
You barely miss the gnoll. You block the gnoll's attack.
The gnoll hits you with a +0 whip. The gnoll hits you with a +0 flail!
The gnoll hits you with a +0 whip.
You are too injured to fight recklessly!
Unknown command.
The gnoll attacks as you move away! The gnoll hits you with a +0 whip.
You feel very mighty all of a sudden. The gnoll closely misses you.
You slash the gnoll!
You kill the gnoll!
Your Armour skill increases to level 3!
You closely miss the gnoll. The gnoll misses you. x2
You hit the gnoll.
The gnoll is heavily wounded.
The gnoll closely misses you.
You closely miss the gnoll.
The gnoll is heavily wounded.
The gnoll hits you with a +0 flail.
You hit the gnoll.
The gnoll is severely wounded.
The gnoll hits you with a +0 flail!
You die...

#### ###### #... #.....
#... ####.....
#...#########........
####.............#######
....... ###.##..##
####...####..#.##
.......@.#......#
.###...#g#......#
#......r.......#
...######.......# ..
#.†.....# . #.#........
#[.....#.....
..............
.##.###.>......


You could see a gnoll and a rat.

Vanquished Creatures
  A gnoll (D:2)
  An adder (D:2)
  2 bats (D:1)
  5 endoplasms (D:1)
  2 giant cockroaches
  2 hobgoblins (D:1)
  2 kobolds (D:1)
  A quokka (D:1)
  2 ball pythons (D:1)
  A frilled lizard (D:1)
  2 rats (D:1)
21 creatures vanquished.

Notes
Turn   | Place    | Note
-------+----------+-------------------------------------------
     0 | D:1      | billz999 the Demonspawn Fighter began the quest for the
                  | Orb.
     0 | D:1      | Reached XP level 1. HP: 18/18 MP: 1/1
   263 | D:1      | Gained mutation: Your demonic aura sometimes causes spilled
                  | blood to erupt in flames. [demonic ancestry]
   263 | D:1      | Reached XP level 2. HP: 24/24 MP: 2/2
   473 | D:1      | Found a faded altar of an unknown god.
   747 | D:2      | Gained mutation: You are surrounded by a mild repulsion
                  | field. (EV +2) [demonic ancestry]
   747 | D:2      | Reached XP level 3. HP: 26/29 MP: 3/3
   805 | D:2      | Slain by a gnoll

Illustrated notes

Levels and vault maps discovered:
D:1:      saegor_arrival_simple_d, layout_basic,
          dreamdust_ecumenical_altar_angels_and_demons, solitary_fountain
D:2:      layout_rooms, basic_altar, serial_shops, nicolae_shop_stone

Skill      XL: |  1  2  3 |
---------------+----------+-----
Axes           | 2 |  2.5
Shields        | 3 |  3.0
Armour         | 3 |  3.0
Fighting       | |  3.3

Action                   || total
-------------------------++-------
Melee: War axe           ||    55
  Use: Potion            ||     1
Armor: Scale mail        ||    17
Dodge: Dodged            ||    26
Block: Buckler           ||    12

Table legend: (Time is in decaauts)
 A = Elapsed time spent in this place.
 B = Non-inter-level travel time spent in this place.
 C = Inter-level travel time spent in this place.
 D = Time resting spent in this place.
 E = Time spent auto-exploring this place.
 F = Levels seen in this place.
 G = Mean time per level.
                   A        B        C        D        E       F      G
               +--------+--------+--------+--------+--------+-----+--------+
         Total |    828 |    813 |     15 |      0 |    672 |   2 |  414.0 |
       Dungeon |    828 |    813 |     15 |      0 |    672 |   2 |  414.0 |
               +--------+--------+--------+--------+--------+-----+--------+

Top non-repeatable levels by time:
     D:1: 753 daAuts
     D:2: 74 daAuts
